[Event "Titled Tuesday Blitz May 30 Late 2023"]
[White "Devagharan, Devina"]
[Black "brm72"]
[WhiteFideId "2061600"]
[WhiteElo "2439"]
[BlackElo "2579"]
[Result "0-1"]
[Round "10"]
[TimeControl "180+2"]
[Date "2023.05.31"]
[WhiteClock "0:00:01"]
[BlackClock "0:00:05"]

1. d4 Nf6 2. c4 g6 3. Nc3 d5 4. cxd5 Nxd5 5. e4 Nxc3 6. bxc3 c5 7. Nf3 Bg7 8. Be2 O-O 9. O-O cxd4 10. cxd4 Nc6 11. Be3 b6 12. d5 Ne5 13. Nxe5 Bxe5 14. Bd4 Qd6 15. Bxe5 Qxe5 16. Qd3 f5 17. Bf3 Bd7 18. Rac1 Rac8 19. exf5 Bxf5 20. Qb3 Kg7 21. Rfe1 Qf6 22. Rxc8 Rxc8 23. Qe3 Kf7 24. h3 Rc2 25. Qb3 Kg7 26. Qe3 Rc7 27. g4 Bc8 28. Kg2 Kf7 29. Qe4 Bb7 30. Qe6+ Qxe6 31. dxe6+ Kf6 32. Bxb7 Rxb7 33. f4 h6 34. Kf3 Rc7 35. Re2 Rc3+ 36. Kg2 Rc6 37. Kf3 Rxe6 38. Rc2 Rd6 39. Ke4 Rd1 40. Rc6+ Rd6 41. Rc7 a5 42. a4 Kf7 43. Ke5 Rd3 44. Rb7 Rxh3 45. Rxb6 Ra3 46. f5 g5 47. Rxh6 Rxa4 48. Rh7+ Ke8 49. Ke6 Re4+ 50. Kd5 Rxg4 51. Ke6 Re4+ 52. Kd5 Re2 53. Rg7 a4 54. Rxg5 a3 55. Rg4 Kf7 56. Rg6 Rf2 57. Ra6 Rxf5+ 58. Ke4 Rh5 59. Rxa3 Kf6 60. Ra6+ e6 61. Kf4 Rh4+ 62. Kg3 Rb4 63. Kf3 Kf5 64. Ke3 Rb3+ 65. Kd4 Rb1 66. Ra5+ Kf4 67. Ra6 Rd1+ 68. Kc3 e5 69. Kc2 Rd8 70. Ra7 Ke3 71. Re7 e4 72. Kc3 Rc8+ 73. Kb2 Kf3 74. Rf7+ Ke2 75. Re7 e3 76. Kb3 Kf2 77. Rf7+ Ke1 78. Re7 e2 79. Kb2 Rf8 80. Kc2 Kf2 81. Kd2 Rd8+ 82. Kc3 e1=Q+ 0-1


[Site "https://www.chess.com"]

[Event "Titled Tuesday Blitz May 30 Late 2023"]
[White "Toncheva, Nadya"]
[Black "Harriott, Tyrell"]
[WhiteFideId "2924056"]
[BlackFideId "2086484"]
[WhiteElo "2101"]
[BlackElo "2107"]
[Result "1-0"]
[Round "10"]
[TimeControl "180+2"]
[Date "2023.05.31"]
[WhiteClock "0:00:03"]
[BlackClock "0:00:01"]

1. e4 d5 2. exd5 Nf6 3. Bb5+ Nbd7 4. Nc3 a6 5. Ba4 b5 6. Bb3 Bb7 7. Nf3 Nb6 8. O-O g6 9. d4 Bg7 10. a4 b4 11. a5 Nbxd5 12. Nxd5 Nxd5 13. Ba4+ c6 14. Qe2 O-O 15. Bg5 Qd6 16. Rfe1 Rfe8 17. Qd2 Rad8 18. c3 bxc3 19. bxc3 Rf8 20. Rab1 Ba8 21. c4 Nf6 22. Rb6 Qc7 23. Bf4 Qc8 24. Rxe7 Qf5 25. Bc2 Qh5 26. h3 c5 27. d5 Bxd5 28. cxd5 Nxd5 29. Rd6 Bc3 30. Qd1 Rxd6 31. Bxd6 Nxe7 32. Bxe7 Rb8 33. Kh2 Be5+ 34. g3 Bg7 35. g4 Qh6 36. Bg5 Be5+ 37. Kg2 Qg7 38. Qd5 Bf6 39. Bf4 Rc8 40. Qb7 Qf8 41. Qxa6 Bg7 42. Qd6 Qe8 43. a6 Rc6 44. Qd3 Qa8 45. Ne5 Rxa6+ 46. Kh2 Re6 47. Nc4 Rf6 48. Bg3 h6 49. Qe3 Re6 50. Qf4 Qa6 51. Bd3 Qc6 52. Qb8+ Kh7 53. Qb1 Qd5 54. Qc2 1-0


[Site "https://www.chess.com"]

[Event "Titled Tuesday Blitz May 30 Late 2023"]
[White "Balla, Tamas-Kristof"]
[Black "Lalanne, Pablo"]
[WhiteFideId "1208497"]
[BlackFideId "112151"]
[WhiteElo "2334"]
[BlackElo "2120"]
[Result "0-1"]
[Round "10"]
[TimeControl "180+2"]
[Date "2023.05.31"]
[WhiteClock "0:00:03"]
[BlackClock "0:00:07"]

1. e4 c5 2. Nf3 d6 3. d4 cxd4 4. Qxd4 Bd7 5. c4 Nc6 6. Qe3 g6 7. Nc3 Nf6 8. h3 Bg7 9. Be2 O-O 10. O-O Rc8 11. Rb1 h6 12. b3 Be6 13. Bb2 Nd7 14. Nd5 a6 15. Bxg7 Kxg7 16. Nf4 Nc5 17. b4 Nd7 18. Nxe6+ fxe6 19. Nh2 Nce5 20. Rbc1 Qb6 21. Qc3 Kh7 22. a3 Nf6 23. Nf3 Nxe4 24. Qb2 Nxf3+ 25. Bxf3 Ng5 26. Be2 Rf6 27. Bd3 Rcf8 28. Rce1 e5 29. Qc2 Ne6 30. c5 dxc5 31. Rxe5 cxb4 32. axb4 Qxb4 33. Qe2 Nf4 34. Rxe7+ R8f7 35. Rxf7+ Rxf7 36. Qa2 Qe7 37. Bc4 Rf5 38. Rd1 b5 39. Bb3 h5 40. Qc2 Kh6 41. Qd2 Qg5 42. f3 Nxh3+ 43. Kh2 Nf4 44. Qb2 Qh4+ 45. Kg1 Qg3 46. Qh8+ Kg5 47. Qd8+ Rf6 48. Qd2 Kh6 49. Qf2 Nh3+ 50. Kh1 Qxf2 51. Kh2 Qh4 52. gxh3 Qf2+ 0-1


[Site "https://www.chess.com"]

[Event "Titled Tuesday Blitz May 30 Late 2023"]
[White "Gatterer, Florian"]
[Black "Uzcategui Rodriguez, Alejandro"]
[WhiteFideId "811688"]
[BlackFideId "3903400"]
[WhiteElo "2221"]
[BlackElo "2252"]
[Result "0-1"]
[Round "10"]
[TimeControl "180+2"]
[Date "2023.05.31"]
[WhiteClock "0:00:17"]
[BlackClock "0:00:35"]

1. f4 d6 2. Nf3 f5 3. d4 Nf6 4. e3 g6 5. c4 Bg7 6. Bd3 O-O 7. O-O c6 8. b3 Nbd7 9. Bb2 Qe8 10. Nbd2 e5 11. fxe5 dxe5 12. Nxe5 Nxe5 13. dxe5 Ng4 14. Re1 Nxe5 15. Be2 Ng4 16. Bxg4 Bxb2 17. Rb1 Bg7 18. Bf3 Be6 19. Qc2 Rd8 20. Rbd1 Qe7 21. e4 Qh4 22. g3 Qg5 23. Kg2 f4 24. e5 fxg3 25. hxg3 Bxe5 26. Ne4 Qe7 27. Nf2 Bf5 28. Qe2 Rde8 29. Ng4 Bxg4 30. Bxg4 Qg5 31. Kh3 h5 32. Rg1 hxg4+ 33. Qxg4 Qxg4+ 34. Kxg4 Kg7 35. Rd7+ Rf7 36. Rgd1 Bf6 37. Rxf7+ Kxf7 38. Rd8 Rxd8 39. Kf3 Rd2 40. Ke4 Rxa2 41. g4 Ra3 42. g5 Rxb3 43. c5 Bxg5 44. Ke5 Rb5 45. Kd6 Be7+ 46. Ke5 Rxc5+ 47. Ke4 a5 48. Kd4 a4 49. Ke4 a3 50. Kd4 a2 51. Ke4 b5 52. Kd4 b4 53. Ke4 b3 54. Kd4 b2 55. Ke4 Rd5 56. Kf4 Ke6 57. Ke4 c5 58. Kf4 c4 59. Ke4 c3 60. Kf4 c2 0-1


[Site "https://www.chess.com"]

[Event "Titled Tuesday Blitz May 30 Late 2023"]
[White "Kaplan, Avi Harrison"]
[Black "Dragomirescu, Calin"]
[WhiteFideId "30934559"]
[BlackFideId "1200895"]
[WhiteElo "1983"]
[BlackElo "2010"]
[Result "1-0"]
[Round "10"]
[TimeControl "180+2"]
[Date "2023.05.31"]
[WhiteClock "0:00:20"]
[BlackClock "0:01:03"]

1. b3 d5 2. Bb2 Bg4 3. Nf3 Bxf3 4. exf3 Nf6 5. Bd3 e6 6. O-O Bd6 7. Re1 O-O 8. c4 c6 9. Bc2 Qc7 10. h3 a5 11. Nc3 Na6 12. Ne2 Nb4 13. Bxf6 gxf6 14. Bb1 dxc4 15. bxc4 f5 16. a3 Na6 17. d4 Be7 18. Qd2 Bf6 19. Bc2 Rad8 20. Qe3 Rfe8 21. Rab1 Qe7 22. Red1 Rd7 23. Ng3 Red8 24. Nh5 Bg5 25. f4 Bh6 26. Ba4 Qh4 27. Qf3 Rxd4 28. Rxd4 Rxd4 29. Rxb7 Nc5 30. Rb8+ Rd8 31. Rxd8+ Qxd8 32. Bxc6 Qd6 33. Bb5 Ne4 34. Kh2 Kf8 35. Ba4 Nc5 36. Qa8+ Ke7 37. Qe8# 1-0


[Site "https://www.chess.com"]

[Event "Titled Tuesday Blitz May 30 Late 2023"]
[White "Botez, Alexandra"]
[Black "MariusBieliauskas"]
[WhiteFideId "2603365"]
[WhiteElo "2040"]
[BlackElo "2462"]
[Result "0-1"]
[Round "10"]
[TimeControl "180+2"]
[Date "2023.05.31"]
[WhiteClock "0:00:17"]
[BlackClock "0:00:11"]

1. d4 d5 2. c4 dxc4 3. e3 Be6 4. Nc3 Nf6 5. Nf3 c5 6. Ne5 cxd4 7. exd4 Nbd7 8. Nxc4 Rc8 9. Ne3 Nb6 10. Bb5+ Bd7 11. Bxd7+ Qxd7 12. O-O g6 13. Qf3 Bg7 14. a4 O-O 15. a5 Nc4 16. Nxc4 Rxc4 17. Be3 Rd8 18. Rfd1 Nd5 19. Nxd5 Qxd5 20. Qe2 Rcc8 21. Ra3 Qe4 22. f3 Qc2 23. Rd2 Qb1+ 24. Kf2 Qf5 25. Rb3 Rd7 26. Rb5 Qe6 27. d5 Qa6 28. b4 Rcd8 29. Rc5 Qf6 30. Bd4 Qh4+ 31. g3 Qxh2+ 32. Kf1 Qxg3 33. Bf2 Qh3+ 34. Ke1 e6 35. Qe3 exd5 36. Rcxd5 Rxd5 37. Rxd5 Rxd5 38. Qe8+ Bf8 39. Bc5 Rxc5 40. bxc5 Qxf3 41. Qd7 Qc6 42. Qd8 Qxc5 43. Qd3 Qxa5+ 44. Ke2 b5 45. Kf3 Qa3 46. Qxa3 Bxa3 47. Ke4 Bf8 48. Kd3 a5 49. Kc2 f5 50. Kb3 Kf7 51. Kc2 Ke6 52. Kd2 Kd5 53. Ke2 Ke4 54. Kd2 b4 55. Ke2 a4 56. Kd2 a3 57. Kc2 Kd4 58. Kb1 Kc3 59. Ka2 b3+ 60. Kb1 a2+ 61. Ka1 Kd3 62. Kb2 Bg7+ 63. Ka3 a1=Q+ 64. Kb4 b2 65. Kc5 Qa4 66. Kd5 Qc4+ 67. Kd6 Kd4 68. Ke7 Ke5 69. Ke8 Bf8 70. Kxf8 Qc7 71. Kg8 Kf6 72. Kh8 Qg7# 0-1


[Site "https://www.chess.com"]

[Event "Titled Tuesday Blitz May 30 Late 2023"]
[White "Papasimakopoulos, Alexandros"]
[Black "Shapiro, Daniel"]
[WhiteFideId "4244125"]
[BlackFideId "2001780"]
[WhiteElo "2359"]
[BlackElo "2369"]
[Result "1-0"]
[Round "10"]
[TimeControl "180+2"]
[Date "2023.05.31"]
[WhiteClock "0:01:01"]
[BlackClock "0:00:01"]

1. b4 e5 2. Bb2 Bxb4 3. Bxe5 Nf6 4. Nf3 Nc6 5. Bb2 d5 6. e3 O-O 7. c4 Bg4 8. h3 Bh5 9. a3 Ba5 10. Qb3 Bb6 11. Be2 Na5 12. Qb5 a6 13. Qb4 c5 14. Qa4 Nxc4 15. Bxc4 dxc4 16. Qxc4 Bg6 17. d4 Qd5 18. Nbd2 Rac8 19. Qxd5 Nxd5 20. Nc4 Ba7 21. Nce5 Bf5 22. O-O Rfe8 23. Rac1 cxd4 24. Bxd4 Bxd4 25. Rxc8 Rxc8 26. Nxd4 Bg6 27. a4 f6 28. Nxg6 hxg6 29. a5 Rc5 30. Rb1 Nc3 31. Rxb7 Rxa5 32. Ne6 Ra1+ 33. Kh2 a5 34. Rxg7+ Kh8 35. Rxg6 a4 36. Nd4 a3 37. Nc2 Ra2 38. Nxa3 Rxa3 39. Rxf6 Ne4 40. Rf4 Nd6 41. Rd4 Nf5 42. Rd5 Ne7 43. Rd7 Ng8 44. e4 Nf6 45. Re7 Kg8 46. e5 Nd5 47. Rd7 Nf4 48. g3 Ng6 49. f4 Ra2+ 50. Kg1 Kf8 51. h4 Ne7 52. h5 Nf5 53. g4 Ne3 54. g5 Rg2+ 55. Kh1 Rf2 56. h6 Rxf4 57. h7 Rh4+ 58. Kg1 Nf5 59. g6 Ng7 60. Rf7+ 1-0


[Site "https://www.chess.com"]

[Event "Titled Tuesday Blitz May 30 Late 2023"]
[White "Mazurkiewicz, Michal"]
[Black "Iskusnyh, Sergei"]
[WhiteFideId "1124943"]
[BlackFideId "4120027"]
[WhiteElo "2054"]
[BlackElo "2492"]
[Result "1-0"]
[Round "10"]
[TimeControl "180+2"]
[Date "2023.05.31"]
[WhiteClock "0:00:51"]
[BlackClock "0:00:18"]

1. e4 e6 2. d3 d5 3. Nd2 c5 4. Ngf3 Nf6 5. g3 g6 6. Bg2 Bg7 7. O-O O-O 8. Re1 Nc6 9. Qe2 a5 10. a4 b6 11. Nf1 Ba6 12. e5 Nd7 13. Bf4 Rc8 14. Qd2 Nd4 15. c3 Nb3 16. Qe3 Nxa1 17. Rxa1 d4 18. Qd2 dxc3 19. bxc3 Nb8 20. Rd1 Nc6 21. h4 Qd7 22. N1h2 Rfd8 23. Qe3 h5 24. g4 hxg4 25. Nxg4 Ne7 26. Bg5 Nf5 27. Qf4 Bxd3 28. h5 gxh5 29. Nf6+ Bxf6 30. Bxf6 c4 31. Qg5+ Kf8 32. Qxh5 Ne7 33. Qh6+ Ke8 34. Qh8+ 1-0


[Site "https://www.chess.com"]

[Event "Titled Tuesday Blitz May 30 Late 2023"]
[White "Golubev, Mikhail"]
[Black "Wizard_of_Odds"]
[WhiteFideId "14100983"]
[WhiteElo "2374"]
[BlackElo "2420"]
[Result "1-0"]
[Round "10"]
[TimeControl "180+2"]
[Date "2023.05.31"]
[WhiteClock "0:00:21"]
[BlackClock "0:00:03"]

1. e4 c5 2. Ne2 d6 3. Nbc3 Nf6 4. d4 cxd4 5. Nxd4 g6 6. Be3 Bg7 7. f3 Nc6 8. Qd2 O-O 9. Bc4 Bd7 10. h4 Na5 11. Be2 Nh5 12. Bf2 Be5 13. O-O-O Ng3 14. Bxg3 Bxg3 15. Kb1 h5 16. Nf5 Be5 17. g4 e6 18. Nh6+ Kh7 19. gxh5 Bg7 20. Qxd6 Bc6 21. Qxd8 Raxd8 22. Rxd8 Rxd8 23. Nxf7 Rd2 24. Ng5+ Kh6 25. Bd3 gxh5 26. Nxe6 Bf6 27. Ne2 Bd7 28. N6f4 Nc6 29. Kc1 Rxe2 30. Nxe2 Ne5 31. f4 Nf3 32. e5 Bxh4 33. Be4 Bg4 34. Bxf3 Bxf3 35. Rxh4 Bxe2 36. Kd2 Kg6 37. Kxe2 1-0


[Site "https://www.chess.com"]

[Event "Titled Tuesday Blitz May 30 Late 2023"]
[White "Bilan, Danila"]
[Black "Rangel, Daniel"]
[WhiteFideId "24161918"]
[BlackFideId "2124475"]
[WhiteElo "2182"]
[BlackElo "2256"]
[Result "1-0"]
[Round "10"]
[TimeControl "180+2"]
[Date "2023.05.31"]
[WhiteClock "0:00:18"]
[BlackClock "0:00:06"]

1. d4 Nf6 2. Nf3 e6 3. g3 c5 4. c4 cxd4 5. Nxd4 d6 6. Bg2 Be7 7. Nc3 O-O 8. O-O a6 9. b3 Nbd7 10. Bb2 Qc7 11. Rc1 Re8 12. Qd2 Bf8 13. Rfd1 Rb8 14. h3 Ne5 15. f4 Ng6 16. e4 Bd7 17. Kh2 e5 18. Nf5 exf4 19. gxf4 Bxf5 20. exf5 Nh4 21. Nd5 Nxd5 22. Bxd5 Nxf5 23. Rg1 g6 24. Rg5 Bg7 25. Rxf5 Bxb2 26. Rxf7 Qxf7 27. Bxf7+ Kxf7 28. Qxb2 Re3 29. Rf1 Rbe8 30. Rf2 R8e6 31. f5 gxf5 32. Rxf5+ Ke8 33. Qh8+ Kd7 34. Rf7+ Re7 35. Qxh7 Re2+ 36. Kg3 Re3+ 37. Kg4 Re4+ 38. Qxe4 Rxf7 39. Qxb7+ Ke6 40. Qd5+ 1-0


[Site "https://www.chess.com"]

[Event "Titled Tuesday Blitz May 30 Late 2023"]
[White "Garakov, Mikhael"]
[Black "Petrovic, Aleksa"]
[WhiteFideId "4169034"]
[BlackFideId "967629"]
[WhiteElo "2347"]
[BlackElo "2309"]
[Result "1-0"]
[Round "10"]
[TimeControl "180+2"]
[Date "2023.05.31"]
[WhiteClock "0:02:03"]
[BlackClock "0:01:50"]

1. e4 e6 2. d4 d5 3. Nc3 Bb4 4. e5 c5 5. a3 Bxc3+ 6. bxc3 Qa5 7. Bd2 Qa4 8. h4 Ne7 9. Qg4 Kf8 10. Rh3 Nbc6 11. h5 h6 12. Qf4 Qxc2 13. Bd3 Qb2 14. Rb1 Qa2 15. Rf3 Nd8 16. dxc5 Qxa3 17. Bg6 Nxg6 18. hxg6 Qxc5 19. c4 Qxc4 20. Bb4+ Ke8 21. gxf7+ Kd7 22. f8=Q 1-0


[Site "https://www.chess.com"]

[Event "Titled Tuesday Blitz May 30 Late 2023"]
[White "Ladan, Nicholas"]
[Black "Mickiewicz, Piotr"]
[WhiteFideId "30918855"]
[BlackFideId "1114891"]
[WhiteElo "2167"]
[BlackElo "2246"]
[Result "1-0"]
[Round "10"]
[TimeControl "180+2"]
[Date "2023.05.31"]
[WhiteClock "0:00:13"]
[BlackClock "0:00:13"]

1. a3 Nf6 2. g3 g6 3. Bg2 Bg7 4. Nf3 O-O 5. O-O d6 6. c4 e5 7. Nc3 Nc6 8. d3 h6 9. Qc2 Be6 10. b4 Qd7 11. Bb2 a5 12. b5 Ne7 13. a4 Bh3 14. Ba3 g5 15. Nd2 Bxg2 16. Kxg2 Ng6 17. e4 h5 18. Nd5 h4 19. f3 b6 20. Ne3 g4 21. Nf5 h3+ 22. Kh1 Ne7 23. fxg4 Nxg4 24. Rae1 Nxf5 25. Rxf5 Nh6 26. Rf3 f5 27. Ref1 fxe4 28. Nxe4 Rxf3 29. Rxf3 Rf8 30. Qf2 Rxf3 31. Qxf3 Qg4 32. Qxg4 Nxg4 33. Bc1 Kf7 34. Ng5+ Kg6 35. Nxh3 Kf5 36. Kg2 e4 37. dxe4+ Kxe4 38. Ng5+ Kd3 39. Ne6 Bd4 40. Nxc7 Kxc4 41. h3 Nf6 42. g4 Kb3 43. g5 Nh5 44. g6 Kxa4 45. Kf3 Ng7 46. Kg4 Bf6 47. h4 Kb3 48. h5 Nxh5 49. Kxh5 a4 50. Nd5 Bd4 51. Nxb6 a3 52. Bxa3 Kxa3 53. Nc4+ Kb4 54. b6 Kxc4 55. b7 d5 56. b8=Q Kd3 57. Qb3+ Ke4 58. Qc2+ Ke3 59. Kg4 Be5 60. Kf5 Bd4 61. Ke6 1-0


[Site "https://www.chess.com"]

[Event "Titled Tuesday Blitz May 30 Late 2023"]
[White "Bringas Gomez, Artai"]
[Black "Kujawski, Adam"]
[WhiteFideId "24534064"]
[BlackFideId "1100920"]
[WhiteElo "2179"]
[BlackElo "2054"]
[Result "0-1"]
[Round "10"]
[TimeControl "180+2"]
[Date "2023.05.31"]
[WhiteClock "0:00:34"]
[BlackClock "0:00:11"]

1. e4 e5 2. Nf3 Nc6 3. Bb5 a6 4. Ba4 Nf6 5. O-O Be7 6. Bxc6 dxc6 7. d3 Bg4 8. Nbd2 Qd7 9. b3 Qe6 10. Bb2 Nd7 11. Qe1 Bxf3 12. Nxf3 f6 13. d4 O-O-O 14. Qa5 exd4 15. Nxd4 Qf7 16. Rad1 Nb6 17. c4 g6 18. c5 Nd7 19. b4 Ne5 20. Qa4 Qc4 21. Qb3 Qxb3 22. axb3 Rd7 23. f4 Ng4 24. Rf3 Rhd8 25. h3 Ne5 26. Rf2 b6 27. Rc1 Nd3 28. Nxc6 Nxc1 29. Nxd8 Rxd8 30. Bxc1 bxc5 31. Kh2 cxb4 32. g4 Rd3 33. h4 Rxb3 34. g5 Rb1 35. Bd2 b3 36. gxf6 Bxf6 37. e5 Bxh4 38. Re2 Rb2 39. e6 Be7 40. Kg2 Bb4 41. e7 Bxe7 42. Kf3 Bd6 43. Rh2 h5 44. Rg2 a5 45. Ke3 a4 46. Kd3 a3 47. Rxg6 Rxd2+ 48. Kxd2 a2 49. Rg8+ Kb7 50. Rg1 Bxf4+ 51. Kc3 Be5+ 52. Kxb3 a1=Q 53. Rxa1 Bxa1 54. Kc4 Be5 55. Kd3 Bd6 56. Ke4 Kc8 57. Kf5 Kb7 58. Kg5 Kb6 59. Kxh5 Bb4 60. Kg4 c5 61. Kf3 Kb5 62. Ke2 c4 63. Kd1 Bf8 64. Kc2 Kb4 65. Kb2 c3+ 66. Kc2 Kc4 67. Kb1 Kb3 68. Ka1 Bb4 69. Kb1 c2+ 70. Kc1 Ba3+ 71. Kd2 c1=Q+ 72. Kd3 Qf4 73. Ke2 Qg3 74. Kd2 Bb4+ 75. Kd1 Qf2 76. Kc1 Qc2# 0-1


[Site "https://www.chess.com"]

[Event "Titled Tuesday Blitz May 30 Late 2023"]
[White "D`Arruda, Ricardo D."]
[Black "Torres Hernandez, Leslie Carolin"]
[WhiteFideId "100692"]
[BlackFideId "8400504"]
[WhiteElo "2507"]
[BlackElo "1920"]
[Result "1-0"]
[Round "10"]
[TimeControl "180+2"]
[Date "2023.05.31"]
[WhiteClock "0:00:39"]
[BlackClock "0:00:02"]

1. e4 e6 2. d4 d5 3. Nc3 Bb4 4. Qg4 Nf6 5. Qxg7 Rg8 6. Qh6 Rg6 7. Qe3 Nxe4 8. Ne2 c5 9. a3 cxd4 10. Qxd4 Bc5 11. Qh8+ Ke7 12. Qxd8+ Kxd8 13. Nxe4 dxe4 14. g3 b6 15. Bg2 Bb7 16. O-O Nd7 17. b4 Bd6 18. Bb2 Rc8 19. c3 Ne5 20. Rad1 Ke7 21. Nf4 Rgg8 22. Rfe1 Nf3+ 23. Bxf3 exf3 24. Nh5 Rg5 25. Nf6 Bxg3 26. hxg3 Kxf6 27. Rd7 Bc6 28. c4+ Kg6 29. Rxa7 h5 30. Be5 h4 31. Bf4 hxg3 32. Bxg5 Kxg5 33. fxg3 Kg4 34. Rxf7 Rg8 35. Kf2 Rh8 36. Rf4+ Kg5 37. Rh4 Rxh4 38. gxh4+ Kxh4 39. Rxe6 1-0


[Site "https://www.chess.com"]

[Event "Titled Tuesday Blitz May 30 Late 2023"]
[White "Ardila, Oscar Humberto"]
[Black "Janaszak, Dawid"]
[WhiteFideId "4404742"]
[BlackFideId "1119206"]
[WhiteElo "1918"]
[BlackElo "2220"]
[Result "0-1"]
[Round "10"]
[TimeControl "180+2"]
[Date "2023.05.31"]
[WhiteClock "0:01:36"]
[BlackClock "0:01:46"]

1. d4 d5 2. c4 c5 3. cxd5 cxd4 4. Qxd4 Nc6 5. Qc4 Ne5 6. Qb3 Nf6 7. Nc3 e6 8. dxe6 Bxe6 9. Qxb7 Bc5 10. Qb5+ Nfd7 11. Nf3 Rb8 12. Qa4 O-O 13. Nxe5 Nxe5 14. e3 Rb4 15. Qd1 Qh4 16. g3 Qf6 17. Bg2 Rd8 18. Bd2 Nd3+ 19. Ke2 Qxf2# 0-1


[Site "https://www.chess.com"]

[Event "Titled Tuesday Blitz May 30 Late 2023"]
[White "The_Straightforward_Rook"]
[Black "Kielinkei"]
[WhiteElo "2290"]
[BlackElo "2481"]
[Result "1-0"]
[Round "10"]
[TimeControl "180+2"]
[Date "2023.05.31"]
[WhiteClock "0:01:03"]
[BlackClock "0:00:02"]

1. d4 Nf6 2. c4 e6 3. Nf3 c5 4. d5 b5 5. dxe6 fxe6 6. cxb5 d5 7. Nc3 Nbd7 8. e4 d4 9. e5 Ng4 10. Ne4 Bb7 11. Bd3 c4 12. Nxd4 Ndxe5 13. Bxc4 Bxe4 14. O-O Qh4 15. h3 O-O-O 16. Bxe6+ Kb8 17. Bf4 Bd6 18. hxg4 Nf3+ 19. Nxf3 Qe7 20. Bxd6+ Rxd6 21. Qb3 Rxe6 22. Nd4 Rh6 23. Nc6+ Bxc6 24. bxc6+ Kc7 25. Qb7+ Kd6 26. Rad1+ 1-0


[Site "https://www.chess.com"]

[Event "Titled Tuesday Blitz May 30 Late 2023"]
[White "Liu, Kelsey"]
[Black "Omariev, Maksim"]
[WhiteFideId "30944481"]
[BlackFideId "4193423"]
[WhiteElo "2258"]
[BlackElo "2479"]
[Result "1-0"]
[Round "10"]
[TimeControl "180+2"]
[Date "2023.05.31"]
[WhiteClock "0:00:09"]
[BlackClock "0:00:04"]

1. d4 d5 2. Nf3 Nf6 3. Bf4 c5 4. c3 Nc6 5. e3 Qb6 6. Qb3 c4 7. Qxb6 axb6 8. Na3 Ra5 9. Bc7 Nd7 10. e4 e6 11. exd5 exd5 12. Nc2 Rb5 13. b4 Nxb4 14. cxb4 Bxb4+ 15. Nxb4 Rxb4 16. Be2 Rb2 17. Bd1 f6 18. O-O Kf7 19. Re1 b5 20. Re2 Rxe2 21. Bxe2 Re8 22. Kf1 Nf8 23. Rb1 Ne6 24. Bd6 Bd7 25. Bd1 Ra8 26. a3 g5 27. h3 h5 28. g4 Ra6 29. Bb4 Nf4 30. Ne1 h4 31. Bf3 Bc6 32. Bg2 Ne6 33. Nc2 Ra8 34. Ke2 Re8 35. Kd2 Nf4 36. Bf1 f5 37. gxf5 Bd7 38. Ne3 Kf6 39. Bd6 Ra8 40. Bxf4 gxf4 41. Nxd5+ Kxf5 42. Nb6 Rd8 43. Nxd7 Rxd7 44. Rxb5+ Ke4 45. Kc3 Kf3 46. Rf5 Re7 47. Bxc4 Re1 48. Bd5+ Kxf2 49. Rxf4+ Kg3 50. Rf3+ Kh2 51. Bxb7 Rb1 52. Bd5 Rc1+ 53. Kb4 Rb1+ 54. Kc5 Ra1 55. Be6 Rc1+ 56. Kd6 Rb1 57. d5 Ra1 58. Ke7 Rb1 59. d6 Rf1 60. Rxf1 Kg2 61. Rb1 Kh2 62. d7 Kg2 63. d8=Q 1-0


[Site "https://www.chess.com"]

[Event "Titled Tuesday Blitz May 30 Late 2023"]
[White "Seletsky, Grigory"]
[Black "Fuentes Godoy, Lilia Ivonne"]
[WhiteFideId "14112191"]
[BlackFideId "5104130"]
[WhiteElo "2491"]
[BlackElo "2096"]
[Result "1-0"]
[Round "10"]
[TimeControl "180+2"]
[Date "2023.05.31"]
[WhiteClock "0:00:26"]
[BlackClock "0:00:01"]

1. e4 c5 2. Nc3 Nc6 3. d3 g6 4. Be3 d6 5. d4 cxd4 6. Bxd4 e5 7. Be3 Bg7 8. Qd2 Nge7 9. O-O-O Nd4 10. Nce2 Nec6 11. c3 Nxe2+ 12. Nxe2 Be6 13. Kb1 Qa5 14. Nc1 Rd8 15. c4 Qxd2 16. Rxd2 f5 17. f3 O-O 18. b3 Rf7 19. Bd3 Nb4 20. Bxa7 Bh6 21. Rdd1 Ra8 22. Bg1 Bxc1 23. Kxc1 Nxa2+ 24. Kb2 Nb4 25. Bb1 Ra6 26. Be3 fxe4 27. fxe4 Bg4 28. Rdf1 Be2 29. Rxf7 Kxf7 30. Kc3 Na2+ 31. Kd2 Bg4 32. h3 Be6 33. Rf1+ Ke8 34. Rf6 Bf7 35. h4 Nb4 36. Kc3 Na2+ 37. Kb2 Nb4 38. Bd2 Nc6 39. Bc3 Nd8 40. g3 Ne6 41. Rf2 g5 42. hxg5 Nxg5 43. Bd2 Ne6 44. Be3 Bg6 45. Rd2 Ke7 46. Bc2 Ra8 47. Rf2 Rf8 48. Rxf8 Kxf8 49. b4 Ke7 50. Kc3 Kd7 51. Ba4+ Kc7 52. Bc2 Kc6 53. Kd2 b5 54. cxb5+ Kxb5 55. Kc3 Nd8 56. Bd3+ Kc6 57. b5+ Kb7 58. Kb4 Ne6 59. Bc4 Nc7 60. b6 Na6+ 61. Ka5 Nc5 62. Bd5+ Kb8 63. Bxc5 dxc5 64. Kb5 c4 65. Kxc4 1-0


[Site "https://www.chess.com"]

[Event "Titled Tuesday Blitz May 30 Late 2023"]
[White "Cardozo Munar, Carlos Eduardo"]
[Black "Le Goff, Ronan"]
[WhiteFideId "4409477"]
[BlackFideId "612073"]
[WhiteElo "2067"]
[BlackElo "2275"]
[Result "0-1"]
[Round "10"]
[TimeControl "180+2"]
[Date "2023.05.31"]
[WhiteClock "0:01:50"]
[BlackClock "0:02:30"]

1. d4 Nf6 2. Bg5 Ne4 3. h4 d5 4. Nd2 c5 5. Nxe4 dxe4 6. dxc5 Qa5+ 7. Qd2 Qxc5 8. O-O-O Nc6 9. Nh3 h6 10. Be3 Qc4 11. Kb1 Be6 12. b3 Qa6 13. Nf4 Bf5 14. Nd5 O-O-O 15. g4 e6 16. gxf5 Rxd5 17. Qc3 Rxd1+ 18. Kb2 Ba3# 0-1


[Site "https://www.chess.com"]

[Event "Titled Tuesday Blitz May 30 Late 2023"]
[White "Goffredo_Fofi"]
[Black "campochess"]
[WhiteElo "2451"]
[BlackElo "2129"]
[Result "1-0"]
[Round "10"]
[TimeControl "180+2"]
[Date "2023.05.31"]
[WhiteClock "0:00:26"]
[BlackClock "0:00:17"]

1. d4 Nf6 2. Nf3 g6 3. c4 Bg7 4. Nc3 d6 5. e4 Nfd7 6. Be2 c5 7. d5 O-O 8. O-O Na6 9. Bf4 Nc7 10. Re1 a6 11. a4 Ne8 12. Bd3 Nef6 13. e5 Nh5 14. Qd2 Nxf4 15. Qxf4 dxe5 16. Qh4 e6 17. Qxd8 Rxd8 18. dxe6 fxe6 19. Ng5 Nb6 20. Bf1 h6 21. Nge4 Rd4 22. b3 Nd7 23. g3 b6 24. Bh3 Ra7 25. Bxe6+ Kh8 26. Rad1 Rc7 27. Nd5 Rc6 28. Bh3 Nf8 29. Ne7 Re6 30. Nxc8 Re8 31. Ncd6 Rb8 32. Nc3 Nh7 33. Ne2 Ng5 34. Nxd4 Nxh3+ 35. Kg2 Nf4+ 36. gxf4 exd4 37. Re6 Kh7 38. Rde1 Rf8 39. Re7 Kg8 40. R1e6 Rf6 41. Re8+ Kh7 42. Rxf6 Bxf6 43. Ne4 Bg7 44. Re7 Kg8 45. Re6 b5 46. axb5 axb5 47. cxb5 1-0


[Site "https://www.chess.com"]

[Event "Titled Tuesday Blitz May 30 Late 2023"]
[White "OPQRC"]
[Black "Oliveira, Tiago Batista"]
[BlackFideId "2108291"]
[WhiteElo "2546"]
[BlackElo "1962"]
[Result "1-0"]
[Round "10"]
[TimeControl "180+2"]
[Date "2023.05.31"]
[WhiteClock "0:01:18"]
[BlackClock "0:00:10"]

1. e4 e5 2. Nf3 Nc6 3. Bc4 Bc5 4. b4 Bxb4 5. c3 Ba5 6. d4 d6 7. Qb3 Qd7 8. O-O Bb6 9. dxe5 Nxe5 10. Nxe5 dxe5 11. Rd1 Qe7 12. Nd2 Bg4 13. Nf3 Bxf3 14. gxf3 Nf6 15. Ba3 c5 16. Qb5+ Nd7 17. Qa4 Rd8 18. Bb5 a6 19. Bxd7+ Rxd7 20. Rd5 O-O 21. Qxd7 Qh4 22. Qg4 Qxf2+ 23. Kxf2 1-0


[Site "https://www.chess.com"]

[Event "Titled Tuesday Blitz May 30 Late 2023"]
[White "Prieto Aranguren, Alain"]
[Black "Womacka, Mathias"]
[WhiteFideId "2268906"]
[BlackFideId "4611390"]
[WhiteElo "2209"]
[BlackElo "2377"]
[Result "1/2-1/2"]
[Round "10"]
[TimeControl "180+2"]
[Date "2023.05.31"]
[WhiteClock "0:00:10"]
[BlackClock "0:00:13"]

1. e4 c5 2. Bc4 e6 3. Qf3 Nc6 4. d3 Ne5 5. Qg3 Nxc4 6. dxc4 d5 7. cxd5 exd5 8. exd5 Qxd5 9. Nc3 Qe6+ 10. Be3 Bd6 11. Qxg7 Be5 12. Qg5 Nf6 13. Nf3 Bxc3+ 14. bxc3 Rg8 15. Qxc5 Rxg2 16. Nd4 Qd5 17. Nb5 Qxc5 18. Bxc5 Kd7 19. Bd4 Nd5 20. O-O-O a6 21. Be3 axb5 22. Rxd5+ Ke6 23. Rxb5 Rxa2 24. Kb1 Ra4 25. Rd1 Rxh2 26. Rb6+ Kf5 27. Rd5+ Ke4 28. Rd4+ Rxd4 29. cxd4 h5 30. c4 h4 31. Rf6 h3 32. Rxf7 Rg2 33. Kb2 Bf5 34. Rf6 Bg6 35. Rf4+ Kd3 36. c5 h2 37. Rh4 Be4 38. Kb3 Bd5+ 39. Kb4 Rxf2 40. Bxf2 h1=Q 41. Rxh1 Bxh1 42. Kb5 Bd5 43. Kb6 Kc4 44. Bg1 Kd3 45. Bf2 Kc4 46. Bg1 Kd3 47. Bf2 1/2-1/2


[Site "https://www.chess.com"]